Map: Ruins of Endion

Players

Tirendus

  • Race: Zerg Zerg
  • League: Master

Miszu - Winner!

  • Race: Terran Terran
  • League: Grandmaster

VOD

Have the link to the VOD?

Description

Time

  • Played on: May 11, 2016, 4:17 p.m.
  • Length: 32:51
Show
View Real Time Build Order
Export as new Build Order

Tirendus Zerg 

Build Orders: Hatch First 

Get SALT Encoding   

  12  0:00  Drone  
  13  0:12  Overlord  
  13  0:18  Drone  
  14  0:31  Drone x2  
  14  0:35  Drone  
  17  0:53  Hatchery  
  17  0:56  Drone  
  17  0:58  Drone  
  18  1:10  Extractor  
  17  1:14  Spawning Pool  
  17  1:16  Drone  
  17  1:20  Drone  
  18  1:28  Drone  
  19  1:39  Overlord  
  19  2:03  Queen  
  19  2:04  Zergling x4  
  19  2:06  Queen  
  19  2:07  Drone  
  26  2:13  Metabolic Boost  
  26  2:19  Drone x2  
  28  2:25  Drone  
  28  2:26  Drone  
  30  2:36  Hatchery  
  29  2:42  Drone x2  
  31  2:48  Queen  
  31  2:51  Drone  
  34  2:53  Drone  
  35  3:02  Overlord  
  35  3:04  Drone  
  36  3:20  Drone x3  
  36  3:21  Overlord x2  
  36  3:23  Drone  
  36  3:24  Drone x2  
  42  3:33  Drone x2  
  44  3:40  Zergling x2  
  44  3:44  Queen  
  46  3:50  Queen  
  46  3:55  Queen  
  50  3:56  Overlord x2  
  50  3:57  Overlord  
  50  3:58  Drone  
  50  3:59  Drone x2  
  50  4:00  Zergling x2  
  54  4:06  Zergling x6  
  57  4:12  Overlord x2  
  57  4:16  Extractor x2  
  55  4:18  Baneling Nest  
  55  4:20  Evolution Chamber  
  53  4:26  Zergling x4  
  53  4:27  Zergling x4  
  53  4:30  Overlord  
  57  4:37  Drone x4  
  57  4:38  Drone  
  62  4:39  Drone  
  63  4:52  Spore Crawler x2  
  62  4:58  Zergling x8  
  64  5:02  Lair  
  64  5:03  Spore Crawler  
  63  5:12  Drone x3  
  63  5:13  Drone x3  
  69  5:23  Drone  
  69  5:24  Drone  
  71  5:31  Drone x2  
  71  5:32  Drone  
  75  5:35  Drone x2  
  75  5:36  Drone x2  
  75  5:42  Baneling x3  
  77  5:46  Drone x2  
  79  5:53  Zergling x8  
  79  5:54  Zergling x6  
  77  6:08  Drone x4  
  72  6:27  Drone x4  
  72  6:28  Drone x5  
  72  6:30  Extractor  
  72  6:31  Extractor  
  79  6:59  Extractor  
  77  7:08  Spire  
  77  7:10  Drone x3  
  77  7:11  Drone x3  
  82  7:21  Drone x3  
  85  7:29  Zerg Ground Armor Level 1, Hatchery  
  84  7:33  Drone x3  
  84  7:34  Centrifical Hooks  
  84  7:35  Roach Warren  
  84  7:36  Drone  
  86  7:44  Overseer  
  86  7:57  Hatchery  
  85  8:10  Hydralisk Den  
  85  8:12  Drone  
  85  8:16  Infestation Pit  
  85  8:17  Roach x2  
  85  8:18  Roach x6  
  100  8:20  Glial Reconstitution  
  99  8:47  Ravager x2  
  97  8:51  Hydralisk x7  
  97  8:53  Overlord x3  
  97  8:54  Overlord x2  
  109  9:24  Hydralisk  
  109  9:25  Hydralisk x12  
  109  9:28  Zerg Missile Weapons Level 1  
  109  9:29  Hatchery  
  109  9:31  Muscular Augments  
  134  9:37  Hydralisk  
  134  9:38  Hydralisk  
  138  9:46  Overlord x2, Ravager x2  
  140  9:55  Overlord x2  
  140  9:56  Overlord  
  140  10:03  Overlord x2  
  140  10:09  Hive  
  140  10:10  Overseer  
  140  10:12  Overseer  
  140  10:13  Overseer  
  140  10:39  Hydralisk  
  140  10:40  Hydralisk x5  
  131  10:52  Drone x2  
  131  10:53  Drone x5  
  138  11:08  Spore Crawler x2  
  138  11:10  Hydralisk x4, Spore Crawler  
  143  11:12  Spore Crawler  
  142  11:25  Zerg Missile Weapons Level 2  
  141  11:33  Viper x4  
  141  11:39  Extractor  
  152  11:40  Extractor, Spore Crawler  
  152  11:41  Drone x3  
  152  11:42  Drone x2, Spore Crawler  
  152  11:43  Queen, Spore Crawler, Drone  
  156  11:58  Hydralisk x3  
  156  11:59  Hydralisk x4  
  168  12:32  Pathogen Glands  
  146  12:53  Hydralisk x3  
  146  12:54  Hydralisk x6  
  133  13:06  Hydralisk x3  
  133  13:07  Hydralisk x14  
  133  13:10  Zergling x4  
  162  13:40  Viper  
  162  13:41  Viper  
  162  13:45  Roach  
  162  13:47  Overlord x3  
  162  13:48  Overlord x3  
  167  14:08  Spore Crawler  
  167  14:09  Drone x5  
  172  14:10  Drone x2  
  172  14:11  Spore Crawler  
  172  14:12  Spore Crawler x2  
  172  14:16  Ravager  
  171  14:22  Roach  
  171  14:23  Roach x6  
  175  14:25  Hatchery  
  175  14:26  Extractor  
  175  14:27  Extractor  
  126  14:33  Hydralisk x3  
  110  14:43  Overseer x2  
  110  14:44  Hydralisk x2  
  110  14:45  Hydralisk  
  107  15:01  Viper x3  
  107  15:02  Viper  
  121  15:07  Roach x4  
  127  15:15  Zergling x12  
  133  15:35  Drone x3  
  136  15:36  Drone x3  
  136  15:38  Drone x3  
  136  15:39  Drone x4  
  146  15:49  Roach x8  
  152  16:03  Hydralisk x3, Roach  
  152  16:04  Roach x2  
  141  16:26  Hydralisk x2  
  141  16:27  Hydralisk x6  
  155  16:35  Pneumatized Carapace, Overseer  
  155  16:46  Infestor x2  
  155  16:47  Infestor x2  
  144  16:59  Overseer  
  144  17:06  Viper x2  
  144  17:07  Viper  
  153  17:09  Viper  
  156  17:19  Drone  
  156  17:20  Spore Crawler x3, Drone x3  
  156  17:21  Spore Crawler  
  156  17:22  Spore Crawler  
  156  17:28  Roach  
  156  17:29  Roach x2  
  161  17:32  Extractor  
  161  17:34  Hatchery  
  154  17:37  Extractor  
  154  17:40  Drone x2  
  140  17:55  Drone  
  140  17:56  Drone x9  
  136  18:09  Hydralisk x2  
  140  18:21  Hydralisk x2  
  140  18:25  Drone x2  
  126  18:51  Hydralisk  
  126  18:52  Hydralisk x6  
  102  18:58  Hydralisk x2  
  98  19:05  Hydralisk x2  
  102  19:13  Hydralisk  
  102  19:14  Hydralisk  
  104  19:24  Hydralisk x4  
  104  19:27  Overseer  
  104  19:29  Hydralisk  
  114  19:37  Drone  
  114  19:38  Drone x4  
  119  19:42  Drone x2  
  119  19:43  Drone  
  122  20:01  Drone x4  
  122  20:02  Hydralisk x3, Drone  
  122  20:03  Hydralisk  
  135  20:08  Overseer x2  
  135  20:09  Overseer  
  135  20:10  Overseer  
  135  20:12  Hydralisk  
  137  20:18  Hydralisk x2  
  141  20:24  Viper x2  
  137  20:56  Hatchery  
  134  21:15  Hydralisk x8  
  150  21:37  Hydralisk  
  150  21:38  Hydralisk x7, Roach x5  
  150  21:39  Roach x3  
  136  21:59  Roach  
  136  22:00  Roach x6  
  136  22:11  Roach x3  
  136  22:12  Roach x3  
  136  22:13  Extractor  
  136  22:14  Extractor  
  146  22:21  Hydralisk  
  142  22:30  Hydralisk x3  
  142  22:31  Roach x2  
  146  22:38  Hydralisk  
  146  22:39  Hydralisk x2, Roach  
  136  22:46  Hydralisk x5  
  140  22:56  Hydralisk x4  
  148  23:03  Overseer x5  
  138  23:26  Hydralisk x2  
  134  23:34  Hydralisk  
  130  23:44  Drone x3  
  133  23:58  Hydralisk x3  
  133  23:59  Hydralisk  
  133  24:02  Roach  
  143  24:03  Roach  
  140  24:15  Drone x3  
  140  24:16  Drone x5  
  146  24:17  Infestor  
  117  24:44  Roach  
  117  24:45  Roach x14  
  147  24:56  Overlord x4  
  147  24:57  Overlord  
  147  25:06  Hatchery  
  146  25:09  Hydralisk  
  148  25:17  Hydralisk x6  
  148  25:18  Hydralisk x3  
  166  25:40  Roach x8  
  166  25:58  Extractor  
  166  26:02  Hydralisk x7  
  165  26:15  Hydralisk x4  
  169  26:39  Infestor x2  
  169  26:42  Overlord, Hydralisk  
  169  26:43  Hydralisk x2  
  175  27:03  Hydralisk x4, Roach  
  175  27:04  Roach x2  
  175  27:05  Queen  
  175  27:07  Overlord x2  
  192  27:08  Drone  
  190  27:21  Drone x7  
  190  27:22  Drone  
  180  27:32  Hydralisk x2  
  180  27:37  Roach x2  
  181  27:58  Viper  
  184  28:15  Hatchery  
  126  28:40  Viper x3  
  123  29:05  Drone x3  
  123  29:06  Drone x3  
  107  29:13  Hydralisk x5  
  107  29:14  Hydralisk x4  
  121  29:30  Roach x3  
  119  29:35  Ravager x3  
  122  29:45  Hydralisk  
  122  29:46  Roach x2  
  128  29:54  Roach  
  100  30:29  Viper x2  
  97  30:57  Hydralisk x3  
  97  30:58  Hydralisk x3  
  97  31:00  Hydralisk x2  
  113  31:18  Zergling x6  
  114  31:19  Zergling x4  
  115  32:03  Spawning Pool  
Show
View Real Time Build Order
Export as new Build Order

Miszu Terran - Winner!

Build Orders: Hellion Banshee 

Get SALT Encoding   

  12  0:01  SCV  
  13  0:13  SCV  
  14  0:18  Supply Depot  
  14  0:26  SCV  
  15  0:39  SCV  
  15  0:41  Barracks  
  16  0:51  SCV  
  17  1:03  SCV  
  19  1:30  Marine, Orbital Command  
  19  1:32  Command Center  
  19  1:36  Refinery  
  19  1:37  Refinery  
  19  1:43  Supply Depot  
  19  1:48  Marine  
  20  1:56  SCV  
  21  2:06  Marine  
  22  2:11  SCV  
  23  2:21  Factory  
  23  2:24  SCV  
  23  2:29  Barracks Reactor  
  24  2:36  SCV  
  25  2:44  Orbital Command  
  25  2:48  SCV  
  26  3:00  SCV  
  26  3:05  Starport  
  27  3:09  SCV  
  27  3:11  Barracks Tech Lab  
  27  3:12  Hellion x2, SCV  
  33  3:22  SCV  
  33  3:24  SCV  
  35  3:34  SCV  
  36  3:36  SCV  
  36  3:43  Hellion x2  
  36  3:46  SCV  
  41  3:48  SCV  
  41  3:49  Barracks Reactor  
  41  3:52  Banshee  
  45  3:58  SCV  
  46  4:04  Command Center  
  48  4:17  Supply Depot, SCV x2  
  52  4:24  Hellion x2  
  52  4:29  SCV x2  
  54  4:32  Liberator  
  54  4:33  Liberator  
  54  4:36  Refinery x2  
  54  4:37  Armory  
  54  4:41  SCV x2  
  56  4:47  Supply Depot  
  62  5:08  Supply Depot, SCV x2  
  62  5:09  Supply Depot  
  61  5:17  Orbital Command  
  61  5:20  SCV x2  
  63  5:31  Starport, Terran Ship Weapons Level 1  
  63  5:32  Starport, SCV x2  
  63  5:34  Hellion  
  67  5:36  Hellion  
  67  5:39  Liberator  
  67  5:40  Liberator  
  69  5:44  SCV  
  69  5:45  SCV  
  69  5:47  Supply Depot  
  69  5:48  SCV  
  75  5:58  SCV  
  75  5:59  SCV  
  78  6:13  Hellion x2  
  78  6:15  Supply Depot  
  78  6:16  Starport Tech Lab, Banshee  
  78  6:17  Supply Depot  
  73  6:25  SCV x2  
  73  6:33  Engineering Bay, Liberator x2  
  73  6:34  Fusion Core  
  73  6:35  Hellion x2  
  73  6:39  Banshee  
  80  6:43  Orbital Command  
  77  6:52  SCV x2  
  85  6:56  Hellion  
  87  7:02  Banshee  
  90  7:14  Refinery, SCV x2  
  90  7:15  Refinery  
  92  7:16  SCV  
  92  7:17  Starport x2  
  93  7:23  Liberator  
  93  7:26  SCV x2  
  93  7:28  Banshee  
  93  7:29  Liberator  
  95  7:32  SCV  
  96  7:37  Supply Depot  
  96  7:38  SCV  
  96  7:39  Supply Depot, SCV  
  96  7:40  Liberator  
  101  7:44  SCV  
  101  7:50  SCV  
  101  7:51  SCV  
  107  7:54  Starport Tech Lab  
  107  7:55  Starport Tech Lab  
  107  7:56  SCV  
  111  8:03  SCV x2  
  113  8:09  SCV  
  113  8:11  Terran Ship Weapons Level 2  
  114  8:13  Command Center  
  114  8:14  Supply Depot  
  114  8:15  Supply Depot  
  114  8:16  Banshee  
  117  8:29  Liberator  
  117  8:32  Banshee x2  
  117  8:33  Banshee  
  126  8:39  Liberator  
  126  8:47  Liberator  
  129  8:59  Supply Depot x2, Missile Turret  
  129  9:01  Missile Turret x2  
  132  9:04  Liberator x2  
  141  9:30  Liberator x3  
  141  9:34  Missile Turret x2  
  141  9:35  Missile Turret  
  141  9:39  Missile Turret  
  141  9:40  Missile Turret x2  
  141  9:43  Supply Depot  
  141  9:47  Refinery  
  141  9:50  Supply Depot  
  141  9:52  Refinery  
  150  9:57  Liberator x2  
  150  9:58  Supply Depot  
  150  10:13  Banshee  
  156  10:14  Missile Turret  
  156  10:17  Cloaking Field, Missile Turret  
  156  10:19  Missile Turret  
  163  10:28  Hellion x2  
  163  10:30  Viking x2  
  162  10:46  Factory  
  162  10:47  Factory  
  159  10:52  Hyperflight Rotors  
  160  11:06  Planetary Fortress  
  160  11:07  SCV x3  
  160  11:09  Terran Ship Weapons Level 3  
  162  11:13  Hellion x2  
  162  11:14  Liberator  
  162  11:15  Liberator  
  162  11:18  Advanced Ballistics  
  166  11:19  SCV x3  
  169  11:26  Liberator  
  169  11:29  Sensor Tower  
  169  11:31  SCV x3  
  178  11:33  Factory Tech Lab  
  178  11:34  Hellion, Factory Reactor  
  178  11:35  Hellion  
  178  11:36  Hellion x5  
  182  11:41  Command Center  
  182  11:43  SCV x2  
  182  11:44  SCV, Banshee  
  191  11:47  Command Center  
  191  11:50  Command Center  
  191  11:52  Infernal Pre-Igniter  
  191  11:54  Hellion  
  193  11:55  SCV  
  193  11:56  Hellion x2, SCV x2  
  176  12:53  Hellion  
  176  12:54  Hellion x4  
  162  13:08  Banshee x4  
  162  13:12  Viking x2  
  178  13:15  Hellion x5  
  188  13:22  Orbital Command  
  185  13:36  Hellion  
  185  13:37  Hellion x4  
  194  13:42  Viking x2  
  194  13:46  Terran Vehicle And Ship Armor Level 1  
  198  13:51  Viking  
  200  14:08  Sensor Tower  
  191  14:30  Hellion  
  191  14:31  Hellion x4  
  136  14:40  Banshee x4  
  136  14:41  Viking x2  
  143  14:51  Hellion  
  143  14:52  Hellion x4  
  153  14:56  Planetary Fortress  
  153  15:08  Refinery  
  153  15:09  Refinery  
  153  15:13  Hellion x5  
  162  15:21  Missile Turret  
  162  15:22  Banshee  
  162  15:28  Viking x3  
  168  15:29  Viking x2  
  168  15:34  Hellion  
  168  15:35  Hellion x4  
  184  15:41  Terran Vehicle Weapons Level 1  
  184  15:56  Hellion x5  
  175  16:13  Liberator x2  
  175  16:17  Hellion x2  
  143  16:22  Banshee x4  
  140  16:32  Hellion  
  150  16:33  Hellion x2  
  150  16:35  Planetary Fortress  
  150  16:36  Command Center  
  150  16:38  Hellion  
  150  16:39  Hellion  
  156  16:54  Hellion x3  
  160  16:56  Liberator x2  
  160  17:00  Hellion x2  
  166  17:04  Banshee x2  
  166  17:05  Viking, Banshee  
  177  17:15  Hellion  
  189  17:16  Hellion x2  
  189  17:18  Liberator  
  189  17:21  Hellion  
  189  17:22  Hellion  
  193  17:30  Liberator x2  
  193  17:31  Liberator, SCV  
  193  17:36  SCV x3  
  194  17:49  Refinery, Liberator x2  
  197  17:56  Refinery  
  197  17:57  Hellion, Missile Turret  
  185  18:00  Hellion x2, Liberator  
  185  18:02  Hellion x2  
  189  18:13  Liberator  
  189  18:18  Terran Vehicle And Ship Armor Level 2  
  189  18:19  Hellion  
  194  18:23  Cyclone, Armory  
  197  18:32  Liberator  
  191  18:51  Hellion x3  
  191  18:52  Hellion  
  181  18:56  Hellion  
  183  19:06  Command Center  
  183  19:07  Liberator x3  
  180  19:12  Hellion  
  180  19:13  Hellion x3  
  190  19:17  Hellion  
  199  19:44  Planetary Fortress  
  199  19:48  Terran Vehicle Weapons Level 2  
  199  20:15  Command Center  
  199  20:19  Command Center  
  199  20:22  Command Center  
  199  20:41  Hellion  
  199  20:52  Planetary Fortress  
  188  21:11  Refinery x2  
  188  21:31  Hellion  
  188  21:32  Hellion x3  
  190  21:39  Liberator  
  187  21:40  Liberator x5  
  166  21:50  Hellion  
  166  21:52  Hellion  
  166  21:53  Hellion x3  
  110  22:10  Orbital Command  
  110  22:12  Hellion  
  110  22:14  Hellion x4  
  120  22:22  Liberator x6  
  120  22:33  Hellion  
  120  22:35  Hellion  
  120  22:36  Hellion x3  
  129  22:51  Planetary Fortress  
  129  22:54  Hellion, SCV x5  
  129  22:55  SCV x2  
  129  22:57  Hellion  
  130  22:59  Refinery x2  
  130  23:06  SCV x5  
  133  23:17  Hellion  
  133  23:22  Viking x2, Banshee  
  134  23:34  Banshee  
  134  23:35  Banshee x2  
  143  23:46  Command Center  
  143  23:52  Viking x2  
  147  23:57  Hellion  
  147  23:58  Hellion x4  
  157  24:05  Banshee  
  157  24:06  Orbital Command  
  152  24:17  Banshee x2  
  152  24:19  Hellion x3  
  158  24:35  Viking, Hellion  
  158  24:36  Hellion  
  158  24:38  Viking x2  
  139  24:40  Hellion  
  141  24:47  Hellion x2  
  141  24:48  Banshee  
  148  24:56  Hellion  
  148  24:57  Hellion  
  152  25:00  Viking x2  
  152  25:02  Hellion  
  152  25:05  Viking  
  160  25:08  Viking x2, Hellion x2  
  160  25:09  SCV  
  160  25:10  SCV x5  
  160  25:12  SCV  
  175  25:17  Command Center  
  175  25:18  Hellion  
  177  25:21  SCV  
  177  25:22  SCV x3  
  177  25:23  Refinery  
  177  25:24  Refinery  
  181  25:30  Banshee x2  
  181  25:33  Starport  
  181  25:34  Starport  
  181  25:35  Viking  
  189  25:38  Viking  
  179  26:05  Viking  
  179  26:08  Terran Vehicle Weapons Level 3  
  221  26:11  Building Armor  
  179  26:26  Command Center  
  179  26:29  Banshee x2  
  179  26:30  Banshee x2  
  179  26:32  Hellion  
  190  26:33  Hellion x3  
  183  27:02  Hellion x5  
  183  27:04  Starport Reactor  
  183  27:05  Starport Reactor  
  191  27:22  Banshee x2  
  187  27:23  Hellion, Banshee  
  187  27:24  Hellion x2  
  196  27:37  Planetary Fortress  
  196  27:40  SCV x4  
  196  27:41  SCV x2  
  196  27:48  Viking x3  
  200  27:55  Refinery x2  
  112  28:31  Banshee x4  
  112  28:32  Viking x3  
  112  28:34  Hellion x5, Liberator x2  
  144  28:36  Liberator  
  146  28:44  Liberator  
  146  28:55  Hellion x3  
  156  28:56  Hellion x2  
  155  29:03  Liberator x2  
  155  29:16  Hellion  
  155  29:17  Hellion x4, Liberator x2  
  165  29:18  Liberator  
  165  29:19  Banshee x4  
  183  29:34  Liberator  
  183  29:38  Hellion  
  194  29:52  Hellion  
  195  30:26  Viking x3  
  199  30:46  Liberator x3  
  192  31:06  Command Center  
  190  31:22  Hellion x14  
  186  31:38  Viking x2  
Tags
 
Add a new tag
Caveats
  • Supply blocks, unpowered buildings, or Contaminate may cause inaccurate times.
  • Supply counts are checked every 10 seconds.